 Dungeon Crawl Stone Soup version 0.29.1-1-gd02db6906a (webtiles) character file.

Game seed: 890348366674670702

1175 nshep25 the Covered (level 8, -1/65 (69) HPs)
             Began as a Minotaur Fighter on Oct 4, 2022.
             Engulfed by a steam dragon's steam (3 damage)
             ... on level 6 of the Dungeon.
             The game lasted 00:09:09 (5063 turns).

nshep25 the Covered (Minotaur Fighter)              Turns: 5063, Time: 00:09:11

HP:   -1/65 (69)    AC:  9    Str: 22    XL:     8   Next: 18%
MP:   7/7           EV: 10    Int:  5    God:
Gold: 235           SH:  5    Dex: 11    Spells: 7/7 levels left

rFire   . . .      SeeInvis .   a - +0 war axe
rCold   . . .      Faith    .   c - +0 buckler
rNeg    . . .      Spirit   .   b - +0 scale mail
rPois   .          Reflect  .   (helmet restricted)
rElec   .          Harm     .   (no cloak)
rCorr   .          Rampage  .   v - +0 pair of gloves
Will    +....                   (no boots)
Stlth   ..........              (no amulet)
HPRegen 0.20/turn               r - ring of willpower
MPRegen 0.10/turn               (no ring)

@: drained
A: horns 2, retaliatory headbutt
a: no special abilities


You were on level 6 of the Dungeon.
You visited 2 branches of the dungeon, and saw 7 of its levels.

You collected 235 gold pieces.

Inventory:

Hand Weapons
 a - a +0 war axe (weapon)
Missiles
 n - 5 atropa-tipped darts (quivered)
 z - 4 javelins
 A - 5 poisoned darts
Armour
 b - a +0 scale mail (worn)
 c - a +0 buckler (worn)
 v - a +0 pair of gloves (worn)
Jewellery
 r - a ring of willpower (left hand)
 y - a ring of resist corrosion
Wands
 B - a wand of flame (17)
 D - a wand of light (3)
 E - a wand of iceblast (3)
Scrolls
 e - 2 scrolls of blinking {unknown}
 f - 3 scrolls of poison {unknown}
 i - 3 scrolls of noise {unknown}
 l - a scroll of summoning {unknown}
 m - 2 scrolls of amnesia {unknown}
 o - 2 scrolls of vulnerability {unknown}
 p - 5 scrolls of identify {unknown}
 q - 3 scrolls of butterflies {unknown}
 F - a scroll of enchant armour {unknown}
Potions
 d - 2 potions of might
 g - 4 potions of curing {unknown}
 h - a potion of magic {unknown}
 j - a potion of haste {unknown}
 k - 2 potions of invisibility {unknown}
 s - a potion of attraction {unknown}
 t - 2 potions of flight {unknown}
 u - a potion of resistance {unknown}
 w - a potion of degeneration {unknown}
 x - 2 potions of lignification {unknown}
 C - a potion of heal wounds {unknown}
 G - a potion of brilliance {unknown}
 H - a potion of mutation {unknown}


   Skills:
 + Level 5.4 Fighting
 + Level 7.3 Axes
 + Level 7.8 Armour
 + Level 1.9 Dodging
 + Level 0.7 Stealth
 + Level 5.4 Shields


You had 7 spell levels left.
You didn't know any spells.
Your spell library was empty.

Dungeon Overview and Level Annotations

Branches:
Dungeon (6/15)             Temple (1/1) D:5

Altars:
Ashenzari
Cheibriados
Dithmenos
Elyvilon
Gozag
Kikubaaqudgha
Makhleb
Nemelex Xobeh
Okawaru
Uskayaw
Xom
Zin

Shops:
D:1 =*   D:2 (   D:5 (


Innate Abilities, Weirdness & Mutations

You have a pair of horns on your head.
You reflexively headbutt those who attack you in melee.


Message History

There is an open door here.
There is a stone staircase leading down here.
You climb downwards.
The steam dragon hisses angrily.
Found 18 gold pieces.
There is a stone staircase leading up here.
A wight comes into view.
It is wielding a +4 falchion of freezing.
You block the steam dragon's attack. The steam dragon claws you.
You closely miss the steam dragon. You slash the wight!
The steam dragon bites you. The steam dragon claws you.
The wight hits you with a +4 morningstar of freezing!
You feel drained. The wight freezes you.
You hit the steam dragon.
The steam dragon is lightly wounded.
You barely miss the wight. The steam dragon breathes steam at you.
The ball of steam hits you!
The wight hits you with a +4 morningstar of freezing!
* * * LOW HITPOINT WARNING * * *
You feel drained.
* * * LOW HITPOINT WARNING * * *
The wight freezes you.
* * * LOW HITPOINT WARNING * * *
You hear a shout! x3
You barely miss the steam dragon.
The steam dragon is lightly wounded.
You slash the wight! x2
You are engulfed in a cloud of scalding steam.
* * * LOW HITPOINT WARNING * * *
You block the wight's attack. The steam dragon misses you.
The steam dragon claws you but does no damage.
You block the wight's attack.
A kobold comes into view. It is wielding a +0 club.
You slash the steam dragon!
The steam dragon is heavily wounded.
You slash the wight!
You destroy the wight!
You hit the wight but do no damage.
You are engulfed in a cloud of scalding steam.
You die...

#.. #.# #.# #.#
#.# #.# #.#
#§########K
#§.@D.z....
......§§z).#.###
###..##.$....#
#.. #.##.### #.
... .# .. ##.#
.# ## #.# # ...


You could see a steam dragon (catching breath), 2 wights and a kobold.

Vanquished Creatures
  A water moccasin (D:5)
  A centaur (D:5)
  3 phantoms (D:4)
  A bullfrog (D:3)
  3 scorpions
  A wight (D:6)
  A howler monkey (D:4)
  An orc priest (D:3)
  A hound (D:4)
  Ijyb (D:5)
  3 iguanas
  3 orc wizards
  4 gnolls
  10 adders
  An ufetubus (D:5)
  3 worms
  6 dart slugs
  16 orcs
  5 endoplasms
  3 giant cockroaches
  7 goblins
  8 hobgoblins
  6 jackals
  3 quokkas
  6 ball pythons
  3 bats
  2 frilled lizards (D:1)
  8 kobolds
  5 rats
  A spectral kobold (D:1)
117 creatures vanquished.

Notes
Turn   | Place    | Note
-------+----------+-------------------------------------------
     0 | D:1      | nshep25 the Minotaur Fighter began the quest for the Orb.
     0 | D:1      | Reached XP level 1. HP: 19/19 MP: 0/0
    45 | D:1      | Reached XP level 2. HP: 24/27 MP: 1/1
   205 | D:1      | Reached XP level 3. HP: 31/33 MP: 2/2
   372 | D:1      | Found Yfiv's Assorted Antiques.
   450 | D:1      | Found Wood's One-of-a-Kind Rings.
   574 | D:1      | Found a faded altar of an unknown god.
   789 | D:2      | Found Hurrefadd's Weapon Boutique.
   940 | D:2      | Reached XP level 4. HP: 40/40 MP: 3/3
   982 | D:2      | Identified the +1 hand axe of Integrity {venom, rC- Will+
                  | Int+6}
  1493 | D:2      | Reached skill level 5 in Armour
  1498 | D:2      | Found a white marble altar of Elyvilon.
  1798 | D:3      | Reached XP level 5. HP: 24/47 MP: 4/4
  2385 | D:3      | Reached XP level 6. HP: 49/55 MP: 5/5
  2577 | D:3      | Reached skill level 1 in Dodging
  2895 | D:4      | Reached skill level 5 in Shields
  2904 | D:4      | Reached skill level 5 in Fighting
  2913 | D:4      | Reached skill level 5 in Axes
  2913 | D:4      | Reached XP level 7. HP: 37/61 MP: 6/6
  3941 | D:5      | Entered Level 5 of the Dungeon
  4213 | D:5      | Noticed Ijyb
  4219 | D:5      | Killed Ijyb
  4371 | D:5      | Reached XP level 8. HP: 68/68 MP: 7/7
  4627 | D:5      | Identified the +2 robe of Autotheism {rPois Int+4}
  4656 | D:5      | Found Zijovec's Antique Weapon Boutique.
  4664 | D:5      | Found a staircase to the Ecumenical Temple.
  4694 | Temple   | Entered the Ecumenical Temple
  5062 | D:6      | HP: 2/65 [steam dragon] (5)]
  5063 | D:6      | Engulfed by a steam dragon's steam

Illustrated notes

Levels and vault maps discovered:
D:1:      mrwooster_arrival_statue_3, layout_basic,
          dreamdust_ecumenical_altar_drowned_temple, serial_shops, shop,
          nicolae_shop_unique_rings, minmay_small_reverse_x
D:2:      layout_loops_ring, basic_altar, serial_shops, nicolae_shop_crystal,
          nicolae_hexahallways
D:3:      layout_basic
D:4:      layout_basic
D:5:      layout_loops_cross, minmay_temple_entry_glassed_door, serial_shops,
          shop, dreamdust_wishing_well, uniq_ijyb
D:6:      layout_loops_ring, uniq_menkaure
Temple:   hc_temple_tempest_star

Skill      XL: |  1  2  3  4  5  6  7  8 |
---------------+-------------------------+-----
Shields        | 4 5 |  5.4
Fighting       | 4 5 |  5.4
Armour         | 4 5 6 7 |  7.8
Axes           | 3 4 5 6 7 |  7.3
Dodging        | 1 |  1.9
Stealth        | |  0.7

Action                   |  1- 3 |  4- 6 |  7- 9 || total
-------------------------+-------+-------+-------++-------
Melee: War axe           |    64 |   118 |   109 ||   291
       Headbutt          |     6 |    22 |    17 ||    45
Armor: Scale mail        |    27 |    55 |    47 ||   129
Dodge: Dodged            |    34 |    51 |    43 ||   128
Block: Buckler           |    19 |    30 |    23 ||    72
